 Dungeon Crawl Stone Soup version 0.21-a0-460-g737a915 (webtiles) character file.

2 4thArraOfDagon the Ruffian (level 1, -9/16 HPs)
             Began as a Centaur Transmuter on Nov 20, 2017.
             Shot with an arrow by a centaur (14 damage)
             ... on level 6 of the Dungeon.
             The game lasted 00:01:29 (209 turns).

4thArraOfDagon the Ruffian (Centaur Transmuter)      Turns: 209, Time: 00:01:30

Health: -9/16      AC:  4    Str: 12    XL:     1   Next: 33%
Magic:  3/3        EV:  9    Int: 12    God:
Gold:   49         SH:  0    Dex:  9    Spells: 2/3 levels left

rFire    . . .     SeeInvis .     - Unarmed
rCold    . . .     Gourm    .   (no shield)
rNeg     . . .     Faith    .   b - +0 robe
rPois    .         Spirit   .   (no helmet)
rElec    .         Reflect  .   (no cloak)
rCorr    .         Harm     .   (no gloves)
MR       .....                  (no barding)
Stlth    +.........             (no amulet)
HPRegen  0.05/turn              (no ring)
MPRegen  0.08/turn              (no ring)

@: very quick
A: hooves 3, deformed body, speed 2, tough skin 3
a: no special abilities


You were on level 6 of the Dungeon.
You were not hungry.

You visited 1 branch of the dungeon, and saw 6 of its levels.

You collected 49 gold pieces.

Inventory:

Missiles
 a - 12 arrows
Armour
 b - a +0 robe (worn)
Scrolls
 e - 2 scrolls of teleportation {unknown}
 f - a scroll of immolation {unknown}
Books
 c - a book of Changes

   Spells                             Type                      Level
   a - Beastly Appendage              Transmutation                1
   b - Sticks to Snakes               Transmutation                2
   c - Spider Form                    Transmutation/Poison         3
   d - Ice Form                       Ice/Transmutation            4
   e - Blade Hands                    Transmutation                5
Comestibles
 d - a bread ration
 g - a royal jelly


   Skills:
 - Level 1.0 Fighting
 - Level 1.3 Dodging
 * Level 3.1 Unarmed Combat
 + Level 1.6 Spellcasting
 + Level 1.8 Transmutations


You had 2 spell levels left.
You knew the following spells:

 Your Spells              Type           Power        Failure   Level  Hunger
a - Beastly Appendage     Tmut           #.....       13%         1    ##.....


Dungeon Overview and Level Annotations

Branches:
Dungeon (7/15)
 Temple: D:4-7

Altars:
Elyvilon
Zin
The Shining One


Innate Abilities, Weirdness & Mutations

You have hooves in place of feet.
Armour fits poorly on your strangely shaped body.
You cover ground very quickly.
You have extremely tough skin. (AC +3)


Message History

The jackal moves out of view.
Unknown command.
Unknown command.
You see here a scroll labeled FOACKUSTR VEYRE.
Unknown command.
e - 2 scrolls labeled FOACKUSTR VEYRE (gained 1) Unknown command.
Unknown command.
Unknown command.
You feel a little less agile now.
Unknown command.
A centaur comes into view.
The centaur shouts!
The centaur wields a shortbow.
The centaur shoots an arrow.
The arrow barely misses you.
You see here an arrow.
Unknown command.
The centaur shoots an arrow.
The arrow hits you!
Ouch! That really hurt!
You die...

#. ####### .. #...
#...).# ... ...
#....:# #.#
..###.....###.##
#..............
#.###.....# #.#
#..##.....###.####
###......oo........
#.@(##########.####
.......#.# #.#
##.#####.# #.# ...
#o# ..c.
.......o....
##.##.######......
#.. ## ....... #..
#o...... ######..


You could see a centaur and an orc.

Vanquished Creatures
  A goblin (D:2)
  A quokka (D:7)
2 creatures vanquished.

Notes
Turn   | Place    | Note
-------+----------+-------------------------------------------
     0 | D:1      | 4thArraOfDagon the Centaur Transmuter began the quest for the Orb.
     0 | D:1      | Reached XP level 1. HP: 16/16 MP: 3/3
    42 | D:2      | You fall through a shaft!
    96 | D:3      | Noticed an orc wizard
   172 | D:4      | You fall through a shaft for 3 floors!
   175 | D:7      | Found a white marble altar of Elyvilon.
   175 | D:7      | Found a glowing golden altar of the Shining One.
   178 | D:7      | Found a glowing silver altar of Zin.
   181 | D:7      | Noticed an orc wizard
   190 | D:7      | Noticed an iguana
   196 | D:6      | Noticed an orc priest
   208 | D:6      | Noticed a centaur
   209 | D:6      | Shot with an arrow by a centaur

Vault maps used:
D:1:      dpeg_arrival_refuge, minmay_misc_feat_plants, minivault_24,
          hangedman_decor_growths, minmay_misc_feat_diagonals
D:2:      hangedman_decor_clover_reticule, uniq_robin, uniq_crazy_yiuf_cottage,
          uniq_jessica
D:3:      nicolae_overflow_crystal_walls, first_bread
D:4:      temple_fountains
D:6:      cheibrodos_two_vegetables
D:7:      good_gods_mini_temple, gammafunk_temple_overflow_elements,
          makhleb_blood_cavern_becter, lemuel_doored_altar

Action                   || total
-------------------------++-------
Melee: Unarmed           ||     8
       Kick              ||     2
  Use: Potion            ||     1
Dodge: Dodged            ||     7

Table legend:
 A = Spawn XP
 B = Non-spawn XP
 C = Spawn XP percentage of total XP
 D = Spawn monster count
 E = Non-spawn monster count
 F = Spawn count percentage of total count
 G = Total turns spent on level
                    A         B        C        D         E        F      G
               +---------+---------+-------+---------+---------+-------+---------
         Total |       0 |       4 |   0.0 |       0 |       2 |   0.0 |   209
               +---------+---------+-------+---------+---------+-------+---------
           D:2 |       0 |       2 |   0.0 |       0 |       1 |   0.0 |    38
           D:7 |       0 |       2 |   0.0 |       0 |       1 |   0.0 |    21
               +---------+---------+-------+---------+---------+-------+---------
